 Dungeon Crawl Stone Soup version 0.29.1-2-gbd0b4ee654 (webtiles) character file.

Game seed: 2610484807480113995

3427 Mitcholas the Basher (level 9, 0/118 HPs)
             Began as a Minotaur Berserker on Nov 12, 2022.
             Was an Elder of Trog.
             Slain by a two-headed ogre
             ... wielding a +0 giant club
              (17 damage)
             ... on level 7 of the Dungeon.
             The game lasted 00:14:15 (7645 turns).

Mitcholas the Basher (Minotaur Berserker)           Turns: 7645, Time: 00:14:15

Health: 0/118      AC: 15    Str: 27    XL:     9   Next: 76%
Magic:  8/8        EV:  8    Int:  4    God:    Trog [****..]
Gold:   396        SH:  0    Dex:  9    Spells: 8/8 levels left

rFire   . . .      SeeInvis .   a - +1 war axe (elec)
rCold   + . .      Faith    .   (no shield)
rNeg    . . .      Spirit   .   r - +0 plate armour
rPois   .          Reflect  .   b - +1 hat
rElec   .          Harm     .   (no cloak)
rCorr   .          Rampage  .   (no gloves)
Will    .....                   e - +0 pair of boots
Stlth   ..........              (no amulet)
HPRegen 0.29/turn               q - ring of protection from cold
MPRegen 0.11/turn               (no ring)

@: berserking, very quick
A: horns 2, retaliatory headbutt
a: Renounce Religion, Berserk, Trog's Hand, Brothers in Arms


You were on level 7 of the Dungeon.
You worshipped Trog.
Trog was greatly pleased with you.
You visited 2 branches of the dungeon, and saw 8 of its levels.

You collected 396 gold pieces.

Inventory:

Hand Weapons
 a - a +1 war axe of electrocution (weapon)
Missiles
 A - 2 poisoned darts (quivered)
Armour
 b - a +1 hat (worn)
 e - a +0 pair of boots (worn)
 r - a +0 plate armour (worn)
Jewellery
 q - a ring of protection from cold (left hand)
 z - a ring of magical power
Wands
 d - a wand of roots (20)
 s - a wand of flame (12)
 x - a wand of charming (10)
Scrolls
 c - 2 scrolls of poison {unknown}
 g - 2 scrolls of teleportation
 h - 2 scrolls of enchant weapon {unknown}
 k - a scroll of acquirement {unknown}
 l - a scroll of blinking
 m - 4 scrolls of noise {unknown}
 v - 3 scrolls of torment {unknown}
 w - 2 scrolls of identify {unknown}
 y - 3 scrolls of fear {unknown}
 C - a scroll of amnesia {unknown}
 D - a scroll of vulnerability {unknown}
Potions
 f - 2 potions of resistance {unknown}
 i - 3 potions of heal wounds {unknown}
 j - a potion of magic {unknown}
 n - a potion of haste
 o - 2 potions of attraction {unknown}
 p - 8 potions of curing {unknown}
 t - a potion of might {unknown}
 u - a potion of lignification {unknown}
 B - a potion of berserk rage {unknown}


   Skills:
 + Level 7.1 Fighting
 + Level 5.6(9.3) Axes
 - Level 11.4(12.0) Maces & Flails
 + Level 6.6 Armour
 - Level 4.0 Dodging
 + Level 4.4 Evocations


You had 8 spell levels left.
You didn't know any spells.
Your spell library was empty.

Dungeon Overview and Level Annotations

Branches:
Dungeon (7/15)             Temple (1/1) D:6

Altars:
Ashenzari
Cheibriados
Elyvilon
Fedhas
Gozag
Hepliaklqana
Kikubaaqudgha
Makhleb
Nemelex Xobeh
Okawaru
Ru
Sif Muna
Trog
Uskayaw
Wu Jian
Yredelemnul
Zin
The Shining One

Shops:
D:4 *   D:7 ?


Innate Abilities, Weirdness & Mutations

You have a pair of horns on your head.
You reflexively headbutt those who attack you in melee.


Message History

The howler monkey hoots and howls with incredible vigour!
The ufetubus hits you but does no damage.
The ufetubus hits you.
* * * LOW HITPOINT WARNING * * *
The shadow hits you. The hound barely misses you. You furiously retaliate!
You headbutt the hound!
The two-headed ogre hits you with a +0 giant club!
* * * LOW HITPOINT WARNING * * *
The two-headed ogre hits you but does no damage.
You hear a bark!
You are too injured to fight recklessly!
You are too injured to fight recklessly!
Unknown command.
You are too injured to fight recklessly!
Unknown command.
You are too injured to fight recklessly!
You barely miss the two-headed ogre. You slash the hound!
Lightning courses through the hound!
You kill the hound!
Trog accepts your kill.
You closely miss the shadow. You barely miss the ufetubus.
The ufetubus hits you but does no damage.
The ufetubus barely misses you. The shadow barely misses you.
The ufetubus closely misses you.
The ufetubus hits you but does no damage.
The bullfrog hits you but does no damage.
You hit the two-headed ogre.
Lightning courses through the two-headed ogre!!
The two-headed ogre is heavily wounded.
You slash the ufetubus! Lightning courses through the ufetubus!
You kill the ufetubus!
Trog accepts your kill.
You slice the bullfrog!! You hit the shadow.
Lightning courses through the shadow! You slash the two-headed ogre!
You headbutt the two-headed ogre!
The two-headed ogre is almost dead.
You closely miss the howler monkey. You closely miss the bullfrog.
You barely miss the shadow. The bullfrog closely misses you.
The two-headed ogre hits you with a +0 giant club!
You die...

....D.#.)#..... #.
......#..#......##
..#####..#####.. #
#..#......##
#..#..... #. #####
#..#..### #. #.(.#
#..#..# ## #F8h#
#..#..# # #W@O+
#..# .+ ## #####
##.^########.
#............
###..........
##.........
####........
#.#.........
##..#........
#....#.......


You could see a two-headed ogre, a shadow, a bullfrog and a howler monkey
(catching breath).

Vanquished Creatures
  The ghost of DemonSlayer the Magician, an amateur DsFE (D:4)
  3 wyverns (D:7)
  5 humans (D:6)
  A sky beast (D:6)
  3 ice beasts
  2 black bears
  3 ogres
  A centaur (D:7)
  A phantom (D:4)
  A bullfrog (D:6)
  A necrophage (D:5)
  4 scorpions
  6 hounds
  3 jellies
  3 orc priests
  3 iguanas
  3 orc wizards
  A gnoll (D:1)
  16 adders
  A shadow imp (D:6)
  An ufetubus (D:7)
  3 worms
  3 dart slugs
  9 orcs
  4 endoplasms
  3 giant cockroaches
  5 goblins
  7 hobgoblins
  13 jackals (D:4)
  7 kobolds
  6 quokkas
  8 ball pythons
  2 ball python zombies (D:3)
  4 bats (D:1)
  3 frilled lizards
  A quokka zombie (D:3)
  4 rats
145 creatures vanquished.

Vanquished Creatures (others)
  A kobold (D:7)
  2 plants (D:1)
3 creatures vanquished.

Grand Total: 148 creatures vanquished

Notes
Turn   | Place    | Note
-------+----------+-------------------------------------------
     0 | D:1      | Mitcholas the Minotaur Berserker began the quest for the
                  | Orb.
     0 | D:1      | Reached XP level 1. HP: 19/19 MP: 0/0
    78 | D:1      | Reached skill level 4 in Maces & Flails
    78 | D:1      | Reached XP level 2. HP: 26/26 MP: 1/1
   752 | D:1      | Reached skill level 5 in Maces & Flails
   951 | D:1      | Reached XP level 3. HP: 31/31 MP: 2/2
   957 | D:1      | Reached ** piety under Trog
  1258 | D:1      | Found a faded altar of an unknown god.
  1536 | D:2      | Reached XP level 4. HP: 31/39 MP: 3/3
  1749 | D:2      | Reached skill level 6 in Maces & Flails
  2852 | D:3      | Found a basalt altar of Yredelemnul.
  3250 | D:3      | Found a blossoming altar of Fedhas.
  3538 | D:4      | Noticed a phantom
  3569 | D:4      | Killed a phantom
  3570 | D:4      | Reached skill level 7 in Maces & Flails
  3570 | D:4      | Reached XP level 5. HP: 29/45 MP: 4/4
  3733 | D:4      | Found Femuq's Elemental Accessories.
  3739 | D:4      | Reached *** piety under Trog
  3982 | D:4      | Found a runed translucent door.
  3983 | D:4      | Noticed DemonSlayer's ghost (amateur DsFE)
  4066 | D:4      | Killed DemonSlayer's ghost
  4067 | D:4      | Reached skill level 9 in Maces & Flails
  4067 | D:4      | Reached XP level 6. HP: 51/51 MP: 5/5
  4452 | D:5      | Entered Level 5 of the Dungeon
  4462 | D:5      | Found a sacrificial altar of Ru.
  4520 | D:5      | Reached XP level 7. HP: 42/57 MP: 6/6
  4829 | D:5      | Reached skill level 10 in Maces & Flails
  5249 | D:5      | Reached skill level 11 in Maces & Flails
  5709 | D:5      | Found a burning altar of Makhleb.
  5711 | D:5      | Noticed an Executioner
  5788 | D:6      | Found a shimmering blue altar of Sif Muna.
  5834 | D:6      | Reached XP level 8. HP: 48/66 MP: 7/7
  5941 | D:6      | Reached **** piety under Trog
  5965 | D:6      | Found a white marble altar of Elyvilon.
  5996 | D:6      | Found a hazy altar of Hepliaklqana.
  6037 | D:6      | Reached skill level 1 in Evocations
  6061 | D:6      | Reached skill level 1 in Axes
  6333 | D:6      | Reached skill level 5 in Fighting
  6420 | D:6      | Reached XP level 9. HP: 74/74 MP: 8/8
  6423 | D:6      | Reached skill level 5 in Armour
  6651 | D:6      | Found a staircase to the Ecumenical Temple.
  6670 | Temple   | Entered the Ecumenical Temple
  7235 | D:7      | Found a sparkling altar of Nemelex Xobeh.
  7244 | D:7      | Found a snail-covered altar of Cheibriados.
  7274 | D:7      | Reached skill level 5 in Axes
  7294 | D:7      | Found Owkidob's Magic Scroll Shop.
  7641 | D:7      | Noticed a two-headed ogre
  7645 | D:7      | Slain by a two-headed ogre

Illustrated notes

Levels and vault maps discovered:
D:1:      dpeg_arrival_erosion, layout_basic,
          shapermc_ecumenical_altar_acropolis, minmay_quantized
D:2:      layout_basic, minmay_indecisive_spiral
D:3:      layout_basic, fedhas_altar_fruit_tree,
          nicolae_yredelemnul_corpse_copse
D:4:      layout_basic, gammafunk_ghost_grave, nicolae_elemental_shop,
          minivault_27, eino_small_chamber_without_monster
D:5:      layout_loops_ring, nicolae_ru_great_annihilating_truth,
          makhleb_altar_promises_db
D:6:      layout_basic, lemuel_round_altar, mainiacjoe_overflow_brackets,
          mainiacjoe_overflow_boulevard, minmay_temple_entry_proselytizer,
          dreamdust_princess_corridor, minmay_ruffians
D:7:      kennysheep_windowed_halls, layout_cave_pools,
          mainiacjoe_overflow_large_starburst, serial_shops,
          nicolae_shop_waterfront
Temple:   hellmonk_temple_forest_ring

Skill      XL: |  1  2  3  4  5  6  7  8  9 |
---------------+----------------------------+-----
Maces & Flails | 4 5 7 9 11 | 11.4
Fighting       | 5 7 |  7.1
Armour         | 4 6 |  6.6
Evocations     | 2 4 |  4.4
Axes           | 3 5 |  5.6
Dodging        | 4 |  4.0

Action                   |  1- 3 |  4- 6 |  7- 9 || total
-------------------------+-------+-------+-------++-------
Melee: Mace              |    85 |   147 |    54 ||   286
       Headbutt          |    10 |    22 |    29 ||    61
       Punch             |       |     1 |     4 ||     5
       Flail             |       |       |    38 ||    38
       War axe           |       |       |   111 ||   111
Invok: Berserk           |     1 |     2 |     4 ||     7
  Use: Scroll            |       |       |     2 ||     2
 Stab: Invisible         |       |     1 |       ||     1
Armor: Animal skin       |     6 |       |       ||     6
       Ring mail         |    18 |    15 |       ||    33
       Plate armour      |       |    47 |   123 ||   170
Dodge: Dodged            |    38 |    37 |    72 ||   147
